[Event "Live Chess"]
[Site "Chess.com"]
[Date "2024.06.01"]
[Round "-"]
[White "mrsmarple1968"]
[Black "Mangoalo"]
[Result "1-0"]
[WhiteElo "1803"]
[BlackElo "989"]
[TimeControl "300"]
[EndTime "9:31:09 PDT"]
[Termination "mrsmarple1968 won by checkmate"]

1. e4 e6 2. d4 d5 3. e5 Nd7 4. Nf3 b6 5. c3 Bb7 6. b3 c5 7.
Bb2 cxd4 8. cxd4 Bb4+ 9. Bc3 Bxc3+ 10. Nxc3 Qc7 11. Nb5 Qc6 12. Rc1 Nc5 13. dxc5 bxc5 14. Nd6+ Kd7 15. Nxb7 Qxb7 16. Be2 Ne7 17. O-O Rhc8 18.
Qd3 g6 19. Qb5+ Qc6 20. Qxc6+ Rxc6 21. Bb5 Rc8 22. Bxc6+ Rxc6 23. Rc2 a5 24. Rfc1 d4 25. Rxc5 Rxc5 26. Rxc5 Nf5 27. Rc1 d3 28. Rd1 Ne7 29. Rxd3+ Nd5 30. a3 h5 31. b4 axb4 32. axb4 Kc6 33.
Nd4+ Kb6 34. Rb3 g5 35. g3 g4 36. f4 gxf3 37. Nxf3 f5 38. exf6 Nxf6 39. Nd4 e5 40. b5 exd4 41. Kf2 Nd5 42. Ke2 Kc5 43. Kd3 Nb4+ 44. Rxb4 Kxb4 45. b6 Kc5 46. b7 h4 47.
b8=Q hxg3 48. hxg3 Kc6 49. Qd8 Kb7 50. Qxd4 Ka8 51.
g4 Kb8 52. g5 Kb7 53. g6 Kb8 54. g7 Kb7 55. g8=Q Ka6 56. Qdd5 Ka7 57. Qgg5 Kb8 58.
Qg6 Kc8 59. Qdf7 Kd8 60. Qgg8# 1-0

[Event "Live Chess"]
[Site "Chess.com"]
[Date "2024.06.01"]
[Round "-"]
[White "Keithdfg"]
[Black "defenderalist"]
[Result "1-0"]
[WhiteElo "1748"]
[BlackElo "1501"]
[TimeControl "300"]
[EndTime "9:31:22 PDT"]
[Termination "Keithdfg won by resignation"]

1. Nf3 c5 2. d3 d5 3. Nbd2 Nc6 4.
e4 e6 5. Be2 g6 6. O-O Bg7 7.
c3 Nge7 8. Qc2 O-O 9. Re1 b6 10. a3 Bb7 11. Rb1 Qc7 12. b4 cxb4 13. axb4 Ne5 14. Nxe5 Qxe5 15. d4 Qc7 16. e5 Rac8 17. Bb2 a5 18. bxa5 bxa5 19. Nb3 Nc6 20. Ba3 Rfd8 21.
Nc5 Ba8 22. Qa4 Rb8 23. Bb5 Bf8 24. Na6 Qb6 25. Bxf8 Rxf8 26. Nxb8 Rxb8 27. Bd3 Qc7 28. h4 Rc8 29. Ba6 Rf8 30. Qa3 Ne7 31. Qd6 Qa7 32.
Qb6 Qd7 33. Qxa5 Nf5 34. g3 Qe7 35. Qb4 Qa7 36. Qb6 Qe7 37. Bd3 Nxh4 38. gxh4 Qxh4 39. Re3 1-0

[Event "Live Chess"]
[Site "Chess.com"]
[Date "2024.06.01"]
[Round "-"]
[White "LaupMiths"]
[Black "Harry_Li"]
[Result "0-1"]
[WhiteElo "1873"]
[BlackElo "2174"]
[TimeControl "300"]
[EndTime "9:31:24 PDT"]
[Termination "Harry_Li won by resignation"]

1. Nf3 d5 2. g3 c5 3. Bg2 Nc6 4. O-O e5 5. d3 Nf6 6. Nbd2 Be7 7. e4 d4 8. Nc4 Qc7 9. a4 Be6 10. b3 a6 11. Bd2 O-O 12. Qe1 b5 13.
Na5 Nd7 14. Nxc6 Qxc6 15. Ng5 Bxg5 16. Bxg5 c4 17. bxc4 bxc4 18. f4 f6 19. Bh4 Nc5 20. Qe2 Nxa4 21. fxe5 fxe5 22. Qh5 Rxf1+ 23. Rxf1 Qd6 24.
g4 cxd3 25. cxd3 Nc5 26. Bg3 Nxd3 27. Rd1 Nf4 28. Bxf4 exf4 29. e5 Qd8 30. Bxa8 Qxa8 31. Qg5 Qf3 32. Qd8+ Kf7 33. Qc7+ Kg6 34. Rf1 Qxg4+ 35.
Kf2 Qh4+ 36. Kg1 Bh3 37. Qd6+ Kf5 38. Qf8+ Kg6 39. Qd6+ Kh5 40. e6 Qg4+ 41. Kf2 Qg2+ 42. Ke1 Qxf1+ 43. Kd2 Qf2+ 44. Kc1 Qe3+ 45. Kb2 Bxe6 0-1

[Event "Live Chess"]
[Site "Chess.com"]
[Date "2024.06.01"]
[Round "-"]
[White "viktorskliarov"]
[Black "Pizzaman313"]
[Result "1-0"]
[WhiteElo "2638"]
[BlackElo "1193"]
[TimeControl "300"]
[EndTime "9:31:31 PDT"]
[Termination "viktorskliarov won by resignation"]

1. e4 e5 2. Nc3 Nf6 3. Bc4 Bc5 4. d3 d6 5. h3 O-O 6. Nge2 c6 7. Ng3 d5 8. Bb3 dxe4 9. Ncxe4 Nxe4 10. Nxe4 Bb6 11. Qh5 h6 12. Bxh6 Be6 13. Bxe6 fxe6 14. Qg6 Qe7 15. O-O Nd7 16. Rae1 Nf6 17. Bg5 Bd8 18. Bxf6 Rxf6 19. Nxf6+ Qxf6 20. Qxf6 Bxf6 21. Re4 Rd8 22.
Rfe1 b6 23. Kf1 Kf7 24. Ke2 Rd4 25. c3 Rxe4+ 26. dxe4 Bg5 27. Rd1 Ke7 28. g3 Bh6 29. Kf3 g5 30. Kg4 Kf6 31. Rd8 Ke7 32. Ra8 a5 33. Ra6 1-0

[Event "Live Chess"]
[Site "Chess.com"]
[Date "2024.06.01"]
[Round "-"]
[White "ClassyChameleon"]
[Black "Enhard"]
[Result "0-1"]
[WhiteElo "1521"]
[BlackElo "1462"]
[TimeControl "300"]
[EndTime "9:31:33 PDT"]
[Termination "Enhard won by checkmate"]

1. e4 c6 2. Nf3 d5 3. e5 Bf5 4. d4 e6 5. Bd3 Bxd3 6. Qxd3 h6 7. Nc3 Ne7 8. O-O Ng6 9. Bf4 Be7 10. Bg3 Nd7 11.
Na4 a6 12. Nc5 Nxc5 13. dxc5 Bxc5 14. c3 Be7 15. b4 O-O 16. Rad1 Qc7 17. Rfe1 Rad8 18.
h3 Rfe8 19. Rd2 Rd7 20. Rde2 Qd8 21. a4 Bg5 22. h4 Bxh4 23. Bh2 Bg5 24. Nxg5 Qxg5 25.
a5 Red8 26. Qd4 Qh4 27. Qb6 Qc4 28. Re3 Qb5 29. Qd4 Ne7 30. Rh3 Nf5 31. Qf4 d4 32. g4 Ne7 33. g5 Ng6 34. Qg3 dxc3 35. Qxc3 Rd3 36. Rxd3 Rxd3 37. Qb2 h5 38. Rb1 Qd5 39.
Qc2 Nh4 40. Bg3 Qg2# 0-1

[Event "Live Chess"]
[Site "Chess.com"]
[Date "2024.06.01"]
[Round "-"]
[White "ALEX_UA_69"]
[Black "Bazzza132"]
[Result "1-0"]
[WhiteElo "1774"]
[BlackElo "1700"]
[TimeControl "300"]
[EndTime "9:31:35 PDT"]
[Termination "ALEX_UA_69 won by checkmate"]

1. e4 e5 2. Nf3 Nc6 3. Nc3 Nf6 4. d4 exd4 5. Nxd4 Bb4 6. Nxc6 bxc6 7. Bd3 O-O 8. O-O Bxc3 9. bxc3 d5 10. Bg5 dxe4 11. Bxf6 Qxf6 12. Bxe4 Ba6 13. Re1 Rad8 14. Qf3 Qxf3 15. Bxf3 Rd6 16. Re7 Rfd8 17. Rxc7 Bc4 18. h3 a6 19. Rxc6 Rd2 20. Be4 Bb5 21. Rc5 Re2 22.
c4 Ba4 23. Bd3 Re6 24. Rb1 Bc6 25. Rb6 Re1+ 26. Kh2 Ba8 27. Rxa6 g6 28. Rc7 Rb8 29.
Raa7 h5 30. Rxf7 Rbb1 31. h4 Rh1+ 32. Kg3 Rbg1 33. f3 g5 34. Rg7+ Kf8 35. Raf7+ Ke8 36. Re7+ Kf8 37. Rgf7+ Kg8 38. hxg5 h4+ 39. Kf4 h3 40.
Rg7+ Kf8 41. Ref7+ Ke8 42. c5 hxg2 43. Bb5+ Kd8 44.
Rf8# 1-0

[Event "Live Chess"]
[Site "Chess.com"]
[Date "2024.06.01"]
[Round "-"]
[White "f4nomore"]
[Black "Duke_of_Bebington"]
[Result "0-1"]
[WhiteElo "1196"]
[BlackElo "1611"]
[TimeControl "300"]
[EndTime "9:31:49 PDT"]
[Termination "Duke_of_Bebington won by resignation"]

1. b3 e5 2. Bb2 Nc6 3. e3 d5 4.
Ne2 Bd6 5. g3 Nf6 6. Bg2 Be6 7.
O-O Qd7 8. f4 Bh3 9. fxe5 Bxe5 10.
Bxe5 Nxe5 11. Nf4 Bxg2 12. Nxg2 O-O-O 13. d4 Neg4 14. Qe2 Rhe8 15. Nd2 Qe6 16. Rxf6 Nxf6 17. c4 Kb8 18. cxd5 Rxd5 19. Nf3 Ng4 20. Rc1 Nxe3 21. Kh1 Nxg2 22. Qc4 Ne3 23. Qxc7+ Ka8 24. Ne5 Rdd8 25. Re1 Rc8 26. Qa5 Qd5+ 27. Qxd5 Nxd5 28. Rf1 f6 29. Nf7 Ne3 30. Rf4 Rc1+ 0-1

[Event "Live Chess"]
[Site "Chess.com"]
[Date "2024.06.01"]
[Round "-"]
[White "booktrunk"]
[Black "Ninifu"]
[Result "0-1"]
[WhiteElo "1364"]
[BlackElo "2068"]
[TimeControl "300"]
[EndTime "9:32:02 PDT"]
[Termination "Ninifu won by resignation"]

1. d4 Nf6 2. Nc3 d5 3. Bf4 c6 4. a3 g6 5. e3 Bg7 6. Nf3 O-O 7. Bd3 Nbd7 8. O-O Ng4 9. Re1 e5 10. dxe5 Ngxe5 11. Nxe5 Nxe5 12. Be2 Qe7 13. Rb1 Nc4 14. Bxc4 dxc4 15. Ne2 Bg4 16. Qc1 Rad8 17. Kh1 b5 18.
Ng1 Rd7 19. c3 Rfd8 20. f3 Be6 21. Qc2 f6 22. Rbd1 Bf7 23. Rxd7 Qxd7 24. e4 Qd3 25. Qxd3 Rxd3 26. Rb1 g5 27. Bg3 Bg6 28. h3 f5 29.
exf5 Bxf5 30. Ne2 Rd2 31. Nc1 Bxb1 0-1

[Event "Live Chess"]
[Site "Chess.com"]
[Date "2024.06.01"]
[Round "-"]
[White "viktor_forever1994"]
[Black "Brooms1989"]
[Result "0-1"]
[WhiteElo "1410"]
[BlackElo "1050"]
[TimeControl "300"]
[EndTime "9:32:05 PDT"]
[Termination "Brooms1989 won by resignation"]

1. e4 e5 2. Nf3 Nc6 3. d4 exd4 4. Nxd4 Nf6 5. Nc3 Bb4 6. Nxc6 bxc6 7. Qd4 Bxc3+ 8.
Qxc3 O-O 9. Bg5 Nxe4 10. Bxd8 Nxc3 11. Bxc7 Re8+ 12. Kd2 Ne4+ 13. Kc1 Nxf2 14. Rg1 Re1+ 15. Kd2 Rxa1 16. Bc4 Rxg1 17. g3 Rg2 18. Kc3 Ne4+ 19. Kd4 Nf6 20. h4 d5 21. Bd3 Ne4 22. Bf4 Be6 23. Bxe4 dxe4 24. Kxe4 Bd5+ 25. Kd3 Re8 26. b3 Ree2 27. c4 Be6 28. Kc3 Rxa2 29. b4 Rac2+ 30. Kd4 Rxc4+ 31. Ke5 Rxb4 32. Kd6 Rxf4 33. Kc5 Rc4+ 34. Kd6 Rxg3 35. h5 Rh4 36. h6 Rxh6 37.
Ke5 a5 0-1

[Event "Live Chess"]
[Site "Chess.com"]
[Date "2024.06.01"]
[Round "-"]
[White "SvitlanaJ"]
[Black "jimwad"]
[Result "0-1"]
[WhiteElo "391"]
[BlackElo "1223"]
[TimeControl "300"]
[EndTime "9:32:09 PDT"]
[Termination "jimwad won by resignation"]

1. e4 e5 2. d4 exd4 3. Qxd4 Nc6 4.
Qe3 Nf6 5. Bc4 Bb4+ 6. Bd2 Bxd2+ 7.
Nxd2 O-O 8. Nh3 Re8 9. Ng5 d5 10. Bb3 h6 11. Ngf3 dxe4 12. Nxe4 Rxe4 0-1

[Event "Live Chess"]
[Site "Chess.com"]
[Date "2024.06.01"]
[Round "-"]
[White "DoctorMantisTobogganMD"]
[Black "nigelst"]
[Result "1-0"]
[WhiteElo "2209"]
[BlackElo "1760"]
[TimeControl "300"]
[EndTime "9:32:17 PDT"]
[Termination "DoctorMantisTobogganMD won on time"]

1. e4 c6 2. d4 d5 3. exd5 cxd5 4. Bd3 Nf6 5. c3 Nc6 6. Ne2 e5 7. dxe5 Nxe5 8. O-O Nxd3 9. Qxd3 Be6 10. Nd4 Bd6 11. Re1 Qd7 12. Bg5 O-O-O 13. Na3 Kb8 14. Nab5 a6 15. Nxd6 Qxd6 16. Bh4 Ka8 17. Bg3 Qd7 18. b4 Ne4 19. b5 a5 20. b6 Nxg3 21. hxg3 h5 22. Nb5 Rc8 23. Nc7+ Rxc7 24. bxc7 Qxc7 25. Rab1 h4 26. gxh4 Rxh4 27. g3 Rc4 28. Re3 g6 29. a4 Bf5 30. Re8+ Ka7 31. Qe3+ b6 32. Re7 Bd7 33.
Rxf7 Rxc3 34. Qxc3 Qxc3 35. Rxd7+ Ka6 36. Rxd5 Qc2 37. Rdb5 Qxa4 38. Rxb6+ Ka7 39. Rb7+ Ka8 40. R7b6 Qc4 41. Rxg6 a4 42. Rgb6 a3 43. R6b4 Qc2 44.
Ra1 a2 45. Ra4+ Kb7 46. R4xa2 Qf5 47. Rb2+ Kc6 48. Rc1+ Kd6 49. Rd2+ Ke7 50. Re1+ Kf7 51. Rd4 Qb5 52. Rf4+ Kg6 53. Re6+ 1-0

[Event "Live Chess"]
[Site "Chess.com"]
[Date "2024.06.01"]
[Round "-"]
[White "Queensandpawns"]
[Black "peteopeteo"]
[Result "1-0"]
[WhiteElo "2466"]
[BlackElo "1623"]
[TimeControl "300"]
[EndTime "9:32:17 PDT"]
[Termination "Queensandpawns won by resignation"]

1. e4 c6 2. d4 d5 3. Nc3 dxe4 4. Nxe4 Nf6 5. Ng5 h6 6. Nxf7 Kxf7 7. Nf3 e6 8. Bd3 Bd6 9. O-O Nbd7 10. Re1 Rf8 11.
Ne5+ Nxe5 12. dxe5 Nd5 13. exd6 Nc3 14. Qh5+ Kg8 15.
bxc3 Qf6 16. Be3 Bd7 17. Bd4 Qf4 18. Qg6 1-0

[Event "Live Chess"]
[Site "Chess.com"]
[Date "2024.06.01"]
[Round "-"]
[White "Richardallis"]
[Black "ProfPoisson"]
[Result "1-0"]
[WhiteElo "1984"]
[BlackElo "1234"]
[TimeControl "300"]
[EndTime "9:32:43 PDT"]
[Termination "Richardallis won by checkmate"]

1. d4 e6 2. Nf3 f5 3. Be3 Nf6 4. c4 Bb4+ 5. Nc3 Bxc3+ 6. bxc3 b6 7. Ne5 d6 8. Nd3 Bb7 9. Bg5 h6 10. Bxf6 Qxf6 11. f4 Nd7 12. e3 O-O-O 13. Qa4 a6 14. Nb4 g5 15. Nxa6 gxf4 16. exf4 e5 17. fxe5 dxe5 18.
d5 Nc5 19. Nxc5 bxc5 20. O-O-O Qg5+ 21. Kb2 Rd6 22. Bd3 Qxg2+ 23. Ka1 Ra6 24. Bxf5+ Kb8 25. Qb3 Rf8 26. Rhf1 Ka7 27. Bh3 Qxh2 28. Rxf8 Qxh3 29.
Rb1 Rb6 30. Qa3+ Ra6 31. Qxc5+ Rb6 32. Rxb6 Qxc3+ 33. Kb1 Qe1+ 34. Kb2 Qd2+ 35. Ka3 Qc3+ 36. Rb3+ Ka6 37. Qb5+ Ka7 38. Qxb7# 1-0

[Event "Live Chess"]
[Site "Chess.com"]
[Date "2024.06.01"]
[Round "-"]
[White "GwaryTek"]
[Black "Zhevzh1k7"]
[Result "1-0"]
[WhiteElo "1967"]
[BlackElo "1067"]
[TimeControl "300"]
[EndTime "9:32:43 PDT"]
[Termination "GwaryTek won by resignation"]

1. d4 Nf6 2. c4 e6 3. Nc3 d5 4. Nf3 c6 5. Bg5 Be7 6. e3 Nbd7 7. cxd5 cxd5 8. Qc2 Qb6 9. Bd3 h6 10. Bf4 O-O 11. O-O Nh5 12. Bg3 Nxg3 13. hxg3 Nf6 14.
Rac1 Bb4 15. Na4 Qa5 16. a3 Bd6 17. b4 Qd8 18. Nc5 b6 19. Nb3 Bb7 20. Qe2 Qd7 21.
Ne5 Bc6 22. Nxd7 Bxd7 23. Bb5 Bxb5 24. Qxb5 1-0

[Event "Live Chess"]
[Site "Chess.com"]
[Date "2024.06.01"]
[Round "-"]
[White "Frankie_Badacsonyi"]
[Black "akp42"]
[Result "1/2-1/2"]
[WhiteElo "2448"]
[BlackElo "2001"]
[TimeControl "300"]
[EndTime "9:32:49 PDT"]
[Termination "Game drawn by agreement"]

1. e4 e6 2. d4 d5 3. e5 c5 4. c3 Nc6 5. Nf3 Bd7 6. Be2 Nge7 7. O-O Ng6 8. g3 Be7 9. h4 O-O 10. Na3 Nh8 11. Nc2 f6 12. exf6 Rxf6 13. Ne3 Nf7 14. Ng4 Rg6 15. Ngh2 e5 16. h5 Re6 17. dxe5 Be8 18. Ng4 Ncxe5 19. Ngxe5 Nxe5 20. Nxe5 Rxe5 21. Bf4 Re6 22. Bf3 Bc6 23. Re1 Rxe1+ 24. Qxe1 Bf6 25. Rd1 Qd7 26. Qd2 d4 27. Bxc6 Qxc6 28. cxd4 Bxd4 29.
Qc2 Re8 30. b3 Qd5 31. Qd2 Qxh5 32. Re1 h6 33. Rxe8+ Qxe8 34. Qc2 Qe1+ 35. Kg2 1/2-1/2

[Event "Live Chess"]
[Site "Chess.com"]
[Date "2024.06.01"]
[Round "-"]
[White "IanCalvert2"]
[Black "JP56789"]
[Result "0-1"]
[WhiteElo "1608"]
[BlackElo "2297"]
[TimeControl "300"]
[EndTime "9:33:16 PDT"]
[Termination "JP56789 won on time"]

1. b3 c6 2. Bb2 d5 3. Nf3 Nf6 4.
g3 Bg4 5. Bg2 e6 6. O-O Be7 7.
d4 O-O 8. c4 Nbd7 9. Nbd2 Rc8 10.
Rc1 dxc4 11. Nxc4 c5 12. Nce5 Bf5 13. Nxd7 Qxd7 14. Ne5 Qb5 15. e3 cxd4 16. Qxd4 a6 17. Qf4 Bg6 18. Qf3 Be4 19. Qf4 Bxg2 20. Kxg2 Qd5+ 21.
Qf3 Qd2 22. Rxc8 Rxc8 23. Qxb7 Re8 24. Bd4 Qxa2 25. Nc6 Bf8 26. Bxf6 gxf6 27. Nd4 Qa5 28. Qf3 Bg7 0-1

[Event "Live Chess"]
[Site "Chess.com"]
[Date "2024.06.01"]
[Round "-"]
[White "Grace6363"]
[Black "Tilbs_12"]
[Result "0-1"]
[WhiteElo "1122"]
[BlackElo "1662"]
[TimeControl "300"]
[EndTime "9:33:20 PDT"]
[Termination "Tilbs_12 won on time"]

1. d4 d5 2. c4 e6 3. Nf3 Nf6 4.
cxd5 exd5 5. a3 Be7 6. Nc3 O-O 7. Bg5 c6 8. e3 Bg4 9. Be2 Nbd7 10. h3 Bh5 11.
O-O Qc7 12. Bf4 Bd6 13. Qd3 Bg6 14. Qd2 Rfe8 15. Bxd6 Qxd6 16. Bd3 Ne4 17. Bxe4 Bxe4 18. Ng5 Bg6 19. f4 h6 20. f5 hxg5 21. fxg6 Qxg6 22. Rf3 Nf6 23. Raf1 Re7 24. Qf2 Rae8 25. Nd1 g4 26. Rxf6 gxf6 27. hxg4 Kg7 28. Qf4 Re4 29.
Qc7 R8e7 30. Qd6 Qxg4 31. Qxf6+ Kg8 32. Nf2 Qg6 33. Qxg6+ fxg6 34. Nxe4 Rxe4 35. Rf3 Kg7 36. Kf2 g5 37. g3 b6 38. Rf5 Kg6 39. Rf8 Re7 40.
Rc8 Re6 41. b3 a5 42. Rb8 b5 43. b4 a4 44. Rc8 Kf5 45. Rf8+ Ke4 46. Rg8 Kd3 47.
Rxg5 Rxe3 48. Rg6 Re2+ 49. Kf3 Rc2 50. Rd6 Kxd4 51. Kf4 Rc3 52. g4 Rxa3 53. g5 c5 54. g6 Ra1 55. g7 Rg1 56. Rd7 cxb4 57. Kf5 b3 58. Kf6 b2 59. Kf7 b1=Q 60. g8=Q Rxg8 61.
Kxg8 Qg1+ 62. Rg7 Qxg7+ 63. Kxg7 Ke4 64. Kf7 d4 65. Ke6 d3 66. Kd6 d2 67. Kc6 d1=Q 68.
Kxb5 Qb3+ 0-1

[Event "Live Chess"]
[Site "Chess.com"]
[Date "2024.06.01"]
[Round "-"]
[White "Nathaniel250"]
[Black "RuslanChessN"]
[Result "1-0"]
[WhiteElo "1452"]
[BlackElo "1971"]
[TimeControl "300"]
[EndTime "9:33:25 PDT"]
[Termination "Nathaniel250 won by resignation"]

1. c4 c6 2. e4 d5 3. cxd5 cxd5 4. exd5 Nf6 5. d4 Nxd5 6. Nc3 Nc6 7. Nf3 Bg4 8. Be2 e6 9. h3 Bh5 10. O-O Be7 11.
Nxd5 Qxd5 12. Be3 O-O 13. a3 Bf6 14. Rc1 Rfd8 15. Rc5 Qd7 16. Rxh5 1-0

[Event "Live Chess"]
[Site "Chess.com"]
[Date "2024.06.01"]
[Round "-"]
[White "defenderalist"]
[Black "Mangoalo"]
[Result "1-0"]
[WhiteElo "1502"]
[BlackElo "988"]
[TimeControl "300"]
[EndTime "9:33:27 PDT"]
[Termination "defenderalist won by resignation"]

1. e4 c5 2. Nf3 Nc6 3. d4 cxd4 4.
Nxd4 Nf6 5. Bc4 e5 6. Nf5 g6 7.
Nd6+ Bxd6 8. Qxd6 Qe7 9. Qxe7+ Nxe7 10. Bg5 Nxe4 11. Bxe7 Kxe7 12. O-O Re8 13. f3 Nd6 14. Bb3 b6 15. Nc3 Kf8 16. Nd5 Bb7 17. Nc7 Rec8 1-0

[Event "Live Chess"]
[Site "Chess.com"]
[Date "2024.06.01"]
[Round "-"]
[White "MaximKhimchenko"]
[Black "JohanKjeldahl"]
[Result "1-0"]
[WhiteElo "1778"]
[BlackElo "1785"]
[TimeControl "300"]
[EndTime "9:33:49 PDT"]
[Termination "MaximKhimchenko won by resignation"]

1. e4 c5 2. Nf3 e6 3. g3 Nc6 4. Bg2 Qc7 5. O-O a6 6. c3 b5 7. Re1 Bb7 8. d4 cxd4 9. cxd4 Nf6 10. d5 Nd8 11. Nc3 b4 12. Na4 Be7 13. Bf4 d6 14.
Rc1 Qb8 15. dxe6 fxe6 16. e5 Nd5 17. exd6 Bxd6 18. Ne5 Nxf4 19. Bxb7 Nh3+ 20. Kg2 Qxb7+ 21. Kxh3 Bxe5 22. Rxe5 O-O 23. f4 Qf7 24. Qg4 Ra7 25. Nc5 Rc7 26. Rce1 Rc6 27. Nxe6 Nxe6 28. Rxe6 Rc2 29.
Re7 Qf6 30. R1e6 Qxb2 31. Re2 Rxe2 32. Rxe2 Qf6 33. Re6 Qb2 34. Rxa6 Qc3 35. f5 h6 36.
Rxh6 Rxf5 37. Qxf5 gxh6 38. Qg6+ Kf8 39. Qxh6+ Ke7 40.
Qh4+ Kf7 41. Qf4+ Kg6 42. Qe4+ Kf7 43. Kg4 Qb2 44. Qf3+ Ke8 45. Qe3+ Kf7 46. Kf5 Qf6+ 47. Kg4 Qg6+ 48. Qg5 Qb6 49. Qf5+ Ke7 50. Kg5 Kd8 51.
Qf6+ 1-0

[Event "Live Chess"]
[Site "Chess.com"]
[Date "2024.06.01"]
[Round "-"]
[White "TheSmoulderingMaster"]
[Black "MiflockHydra"]
[Result "1-0"]
[WhiteElo "1742"]
[BlackElo "587"]
[TimeControl "300"]
[EndTime "9:34:02 PDT"]
[Termination "TheSmoulderingMaster won by checkmate"]

1. e4 c6 2. d4 d5 3. Nc3 dxe4 4. Nxe4 Bf5 5. Ng3 Bg6 6. Nh3 e5 7. Bd2 Qxd4 8. Ng5 Be7 9. Nh3 Qxb2 10. Rb1 Qxa2 11. Rxb7 Bxc2 12. Qc1 Nf6 13. Be2 O-O 14.
Rb2 Ba3 15. Rxa2 Bxc1 16. Bxc1 Bb3 17. Rb2 Be6 18. Ng5 Na6 19. Bxa6 Rab8 20. Rxb8 Rxb8 21.
O-O Nd5 22. Nxe6 fxe6 23. Ne4 Rb6 24. Be2 Nf4 25. Bxf4 exf4 26. Bc4 Rb4 27. Bxe6+ Kf8 28.
Nc5 Rb5 29. Nd7+ Ke7 30. Bh3 Rg5 31. Re1+ Kd8 32. Ne5 Kc7 33. Nf7 Rg6 34. Re7+ Kb6 35. Ne5 Rg5 36. Re6 a5 37. Rxc6+ Kb5 38. Re6 a4 39. Nf3 Rc5 40. Re5 Rxe5 41. Nxe5 a3 42. Be6 Kc5 43. Nd3+ Kd4 44. Nxf4 Ke5 45. g3 g5 46. Ba2 gxf4 47. g4 Kf6 48. Kg2 Kg5 49.
Kf3 h5 50. gxh5 Kxh5 51. Kxf4 Kh4 52. Ke5 Kh3 53. f4 Kxh2 54. f5 Kh3 55. f6 Kg4 56. f7 Kg5 57. f8=Q Kg6 58. Ke4 Kg5 59. Qf7 Kh4 60. Qg7 Kh3 61. Kf3 Kh4 62. Qg4# 1-0

[Event "Live Chess"]
[Site "Chess.com"]
[Date "2024.06.01"]
[Round "-"]
[White "Pedrada88"]
[Black "E2E4colchester"]
[Result "1-0"]
[WhiteElo "2552"]
[BlackElo "989"]
[TimeControl "300"]
[EndTime "9:34:06 PDT"]
[Termination "Pedrada88 won by checkmate"]

1. d4 d5 2. Nf3 Nc6 3. c4 dxc4 4. d5 Nb8 5. e4 Bg4 6. Bxc4 c6 7.
Nc3 Nf6 8. O-O cxd5 9. exd5 Nbd7 10. Re1 g6 11. h3 Bxf3 12. Qxf3 Bg7 13. d6 e6 14. Bxe6 fxe6 15. Rxe6+ Kf8 16. Bg5 h6 17. Bd2 Rc8 18. Rae1 Kg8 19. Re7 Kh7 20. Be3 Rf8 21.
Bd4 Rc6 22. Ne4 Nxe4 23. Rxg7+ Kh8 24. Qxe4 Nf6 25. Qxg6 Rxd6 26. Rh7# 1-0

[Event "Live Chess"]
[Site "Chess.com"]
[Date "2024.06.01"]
[Round "-"]
[White "Isambard_Thomas"]
[Black "Colm_Buckley"]
[Result "1-0"]
[WhiteElo "2105"]
[BlackElo "1811"]
[TimeControl "300"]
[EndTime "9:34:16 PDT"]
[Termination "Isambard_Thomas won by resignation"]

1. d4 e6 2. Nf3 Nf6 3. Bg5 c5 4.
e3 b6 5. c3 Bb7 6. Bd3 Nc6 7.
Nbd2 h6 8. Bh4 Be7 9. Qe2 O-O 10. O-O-O cxd4 11. exd4 Rc8 12. Kb1 a5 13. Bc2 b5 14.
Bxf6 Bxf6 15. g4 b4 16. c4 g6 17. h4 Nxd4 18. Nxd4 Bxd4 19. Rh3 d5 20. h5 g5 21. Qd3 f5 22. Qxd4 dxc4 23. Qe5 b3 24. Qxe6+ Rf7 25. Bxf5 bxa2+ 26. Kxa2 c3 27. Qg6+ Rg7 28. Be6+ Kh8 29. Qxh6+ Rh7 30. Qg6 cxd2 31. Rd3 Qf8 32. R1xd2 Rh6 33.
Bxc8 Rxg6 34. Rd8 Qxd8 35. Rxd8+ Rg8 36. Rxg8+ Kxg8 37. Bxb7 1-0

[Event "Live Chess"]
[Site "Chess.com"]
[Date "2024.06.01"]
[Round "-"]
[White "TigerTank70"]
[Black "Grieve72"]
[Result "1-0"]
[WhiteElo "2195"]
[BlackElo "2636"]
[TimeControl "300"]
[EndTime "9:34:22 PDT"]
[Termination "TigerTank70 won by checkmate"]

1. e4 c5 2. d4 cxd4 3. c3 Nf6 4.
e5 Nd5 5. Bc4 e6 6. Nf3 d6 7.
cxd4 Be7 8. O-O O-O 9. Nc3 dxe5 10. Nxe5 Nc6 11. Nxc6 bxc6 12. Ne4 a5 13. Qh5 Qb6 14.
Rd1 a4 15. Bg5 Bxg5 16. Nxg5 h6 17. Ne4 Rd8 18. Rd3 Qxb2 19. Rad1 Nf4 20. Qh4 g5 21. Qxh6 f5 22. Nxg5 Ra7 23. Rg3 Rg7 24. Nxe6 Rxg3 25.
Nxd8+ Nd5 26. Bxd5+ cxd5 27. hxg3 Qxa2 28. Qg6+ Kf8 29. Qf7# 1-0

[Event "Live Chess"]
[Site "Chess.com"]
[Date "2024.06.01"]
[Round "-"]
[White "gmnorfolk"]
[Black "PureDashingOctopus"]
[Result "0-1"]
[WhiteElo "2109"]
[BlackElo "2229"]
[TimeControl "300"]
[EndTime "9:34:31 PDT"]
[Termination "PureDashingOctopus won by resignation"]

1. c4 c5 2. Nc3 Nc6 3. Nf3 g6 4. e3 Bg7 5. d4 cxd4 6. exd4 d6 7. d5 Nb8 8. Be2 Nf6 9. O-O O-O 10. Be3 Bg4 11. Nd4 Bxe2 12. Qxe2 Nbd7 13. Rfe1 Re8 14. Rad1 a6 15. h3 Rc8 16. b3 Nc5 17. f3 Qa5 18. Qd2 Ncd7 19. Na4 Qxd2 20. Rxd2 Nc5 21. Nb6 Rcd8 22.
b4 Ncd7 23. Nb3 Nxb6 24. Bxb6 Rc8 25. c5 Nd7 26. Ba7 Bc3 27. Ree2 Bxd2 28. Rxd2 Ra8 29.
Bb6 Nxb6 30. cxb6 Rac8 31. Na5 Rb8 32. Rc2 Rec8 33. Re2 Kf8 34. a4 Rc3 35. Rb2 Ra3 36. Nc6 bxc6 37. dxc6 Rxb6 38. Rc2 Rb8 39. c7 Rc8 40. b5 axb5 41. axb5 Rb3 0-1

[Event "Live Chess"]
[Site "Chess.com"]
[Date "2024.06.01"]
[Round "-"]
[White "MaximKhimchenko"]
[Black "Mangoalo"]
[Result "1-0"]
[WhiteElo "1778"]
[BlackElo "988"]
[TimeControl "300"]
[EndTime "9:34:40 PDT"]
[Termination "MaximKhimchenko won by resignation"]

1. e4 d5 2. Nf3 dxe4 3. Ng5 Nf6 4. d3 exd3 5. Bxd3 Nc6 6. O-O h6 7. Nf3 Bg4 8. Nc3 e5 9. h3 Bxf3 10. Qxf3 Bb4 11. Ne4 g6 12. Nxf6+ 1-0

[Event "Live Chess"]
[Site "Chess.com"]
[Date "2024.06.01"]
[Round "-"]
[White "willc-h99"]
[Black "SirGerhard"]
[Result "0-1"]
[WhiteElo "2661"]
[BlackElo "2760"]
[TimeControl "300"]
[EndTime "9:34:43 PDT"]
[Termination "SirGerhard won by resignation"]

1. d4 Nf6 2. Bg5 Ne4 3. h4 c5 4. d5 g6 5. Nd2 Nxg5 6. hxg5 Bg7 7. c3 d6 8. e4 a6 9. a4 O-O 10. Nc4 Nd7 11. Nf3 Nb6 12. Ne3 Rb8 13. Nd2 e6 14. a5 Na8 15. Qf3 exd5 16. Nxd5 Nc7 17.
Nf6+ Bxf6 18. gxf6 Ne8 19. e5 dxe5 20. Ne4 Bf5 21. Rd1 Qxa5 22. Bc4 Bxe4 23. Qxe4 Nxf6 24. Qh4 Qb6 25. Rd3 e4 26. Rdh3 Rbd8 27. g4 Qd6 28.
O-O Qf4 29. g5 Qxh4 30. Rxh4 Nh5 31. Rxe4 b5 32. Be2 Ng7 33. Ra1 Rd2 34. Bf1 Rxb2 35. Rxa6 Ne6 36. Rb6 Nxg5 37. Re7 b4 38. cxb4 Rxb4 39.
Rxb4 cxb4 40. Rb7 Rd8 41. Rxb4 Rd2 0-1

[Event "Live Chess"]
[Site "Chess.com"]
[Date "2024.06.01"]
[Round "-"]
[White "Berdgross"]
[Black "Inglaterra"]
[Result "0-1"]
[WhiteElo "579"]
[BlackElo "2037"]
[TimeControl "300"]
[EndTime "9:35:10 PDT"]
[Termination "Inglaterra won by checkmate"]

1. e4 e5 2. d3 Nf6 3. Nf3 Nc6 4. Nc3 Bb4 5. Bd2 d5 6. exd5 Nxd5 7. Nxd5 Qxd5 8. Bxb4 Nxb4 9. a3 Nc6 10. c4 Qd6 11.
Qa4 O-O 12. Be2 Bf5 13. Qb3 b6 14. O-O Rad8 15. Rad1 Bg4 16. h3 Bxf3 17. Bxf3 Nd4 18. Qb4 Nxf3+ 19. gxf3 Qg6+ 20. Kh2 Qf5 21. Qc3 Rd4 22.
Rde1 Rh4 23. Kg1 Qxh3 24. Qxe5 Qh1# 0-1